 Dungeon Crawl Stone Soup version 0.21.1-1-g345015fe64 (webtiles) character file.

1168 Jerry the Shield-Bearer (level 8, -1/64 HPs)
             Began as a Formicid Fighter on Feb 21, 2018.
             Slain by an orc warrior
             ... wielding a +2 vampiric glaive
              (13 damage)
             ... on level 6 of the Dungeon.
             The game lasted 00:07:20 (4030 turns).

Jerry the Shield-Bearer (Formicid Fighter)          Turns: 4030, Time: 00:07:21

Health: -1/64      AC:  8    Str: 22    XL:     8   Next: 68%
Magic:  8/8        EV:  9    Int:  9    God:
Gold:   233        SH: 10    Dex: 10    Spells: 7/7 levels left

rFire    . . .     SeeInvis +   a - +0 war axe
rCold    . . .     Gourm    .   c - +0 shield
rNeg     . . .     Faith    .   b - +0 scale mail
rPois    .         Spirit   .   (helmet unavailable)
rElec    .         Reflect  .   (no cloak)
rCorr    .         Harm     .   p - +0 pair of gloves
MR       .....                  (no boots)
Stlth    ..........             (no amulet)
HPRegen  0.20/turn              h - +4 ring of slaying
MPRegen  0.11/turn              (no ring)

@: no status effects
A: permanent stasis, dig shafts and tunnels, four strong arms, antennae 3
a: Dig, Shaft Self


You were on level 6 of the Dungeon.
You were not hungry.

You visited 1 branch of the dungeon, and saw 6 of its levels.

You collected 233 gold pieces.

Inventory:

Hand Weapons
 a - a +0 war axe (weapon)
Missiles
 g - 2 curare-tipped needles
Armour
 b - a +0 scale mail (worn)
 c - a +0 shield (worn)
 p - a +0 pair of gloves (worn)
Jewellery
 h - a +4 ring of slaying (left hand)
Scrolls
 d - a scroll of fear {unknown}
 i - 5 scrolls of teleportation {unknown}
 j - 3 scrolls of enchant armour {unknown}
 k - a scroll of magic mapping {unknown}
 l - 9 scrolls of identify {unknown}
 m - a scroll of blinking {unknown}
 n - a scroll of amnesia {unknown}
 r - 2 scrolls of remove curse {unknown}
 s - a scroll of fog {unknown}
 t - a scroll of enchant weapon {unknown}
Potions
 e - 3 potions of haste
 o - a potion of ambrosia {unknown}
 q - a potion of agility
 x - a potion of cancellation
Comestibles
 f - 9 rations


   Skills:
 + Level 6.2 Fighting
 + Level 5.2 Axes
 + Level 6.2 Armour
 + Level 6.8 Shields


You had 7 spell levels left.
You didn't know any spells.

Dungeon Overview and Level Annotations

Branches:
Dungeon (6/15)
 Temple: D:4-7

Altars:
Fedhas
Vehumet


Innate Abilities, Weirdness & Mutations

You cannot be hasted, slowed, berserked, paralysed or teleported.
You can dig through walls and to a lower floor.
Your four strong arms can wield two-handed weapons with a shield.
You have a pair of large antennae on your head. (SInv)


Message History

The orc priest looks satisfied for a moment.
You hit the orc warrior.
The orc warrior is almost dead.
Your shield and scale mail prevent you from hitting the orc priest.
The orc priest looks braver for a moment.
The orc warrior hits you with a vampiric glaive!!
* * * LOW HITPOINT WARNING * * *
The orc warrior draws strength from your wounds!
You closely miss the orc warrior.
The orc warrior is moderately wounded.
You hit the orc priest.
You kill the orc priest!
The orc warrior barely misses you.
You slash the orc warrior!
The orc warrior is severely wounded.
You block the orc warrior's attack.
You hit the orc warrior.
The orc warrior is severely wounded.
The orc warrior hits you with a vampiric glaive!
You die...

## . ##. .. #. #.. .
#. #.# .## ..###.#
..# ....# #.#
#######..# #.#
.........####.#
.......#)@o##.#
.......###).#.######
.<....# ##.)).....#
...... #...<....#
.o.... #........#
o.... #...(....#
o.... #........#
##########


You could see an orc warrior.

Vanquished Creatures
  The ghost of subsebi the Chopper, a novice DsCK of Xom (D:4)
  A water moccasin (D:4)
  An ogre (D:4)
  A centaur (D:5)
  A crimson imp (D:5)
  A bullfrog zombie (D:5)
  A hound (D:4)
  3 orc priests
  A jelly (D:6)
  5 orc wizards
  4 worker ants
  7 adders
  An adder zombie (D:5)
  A worm (D:3)
  4 dart slugs
  A leopard gecko (D:3)
  7 orcs
  9 bats
  4 giant cockroaches
  5 hobgoblins
  8 jackals
  10 kobolds
  A ball python (D:3)
  10 frilled lizards
  3 goblins
  5 rats
  A fungus (D:5)
97 creatures vanquished.

Notes
Turn   | Place    | Note
-------+----------+-------------------------------------------
     0 | D:1      | Jerry the Formicid Fighter began the quest for the Orb.
     0 | D:1      | Reached XP level 1. HP: 18/18 MP: 1/1
   123 | D:1      | Reached XP level 2. HP: 22/24 MP: 2/2
   474 | D:2      | Reached XP level 3. HP: 30/30 MP: 3/3
   597 | D:2      | Found a faded altar of an unknown god.
   604 | D:2      | Reached XP level 4. HP: 33/37 MP: 4/4
  1329 | D:3      | Reached XP level 5. HP: 42/42 MP: 5/5
  1850 | D:3      | Found a radiant altar of Vehumet.
  2200 | D:4      | Noticed subsebi's ghost (novice DsCK)
  2220 | D:4      | Killed subsebi's ghost
  2220 | D:4      | Reached skill level 5 in Fighting
  2220 | D:4      | Reached skill level 5 in Armour
  2220 | D:4      | Reached skill level 5 in Shields
  2220 | D:4      | Reached XP level 6. HP: 32/51 MP: 6/6
  2220 | D:4      | Reached XP level 7. HP: 35/56 MP: 7/7
  2902 | D:5      | Entered Level 5 of the Dungeon
  3071 | D:5      | Reached XP level 8. HP: 59/63 MP: 8/8
  3699 | D:5      | Found a blossoming altar of Fedhas.
  3749 | D:5      | Reached skill level 5 in Axes
  4030 | D:6      | Slain by an orc warrior

Skill      XL: |  1  2  3  4  5  6  7  8 |
---------------+-------------------------+-----
Shields        | 4 5 6 |  6.8
Fighting       | 4 5 6 |  6.2
Armour         | 4 5 6 |  6.2
Axes           | 4 5 |  5.2

Action                   |  1- 3 |  4- 6 |  7- 9 || total
-------------------------+-------+-------+-------++-------
Melee: War axe           |    73 |    86 |   106 ||   265
  Use: Potion            |       |     1 |     5 ||     6
  Eat: Chunk             |       |     3 |     7 ||    10
Armor: Scale mail        |    36 |    24 |    45 ||   105
Dodge: Dodged            |    17 |    30 |    34 ||    81
Block: Shield            |    49 |    44 |    65 ||   158
